 Dungeon Crawl Stone Soup version 0.29.0-4-gdea44cf6ec (webtiles) character file.

Game seed: 9679812358522083861

101 qw the Chopper (level 4, -1/26 HPs)
             Began as a Tengu Warper on Aug 28, 2022.
             Slain by an orc priest
             ... wielding a +0 flail
              (7 damage)
             ... on level 3 of the Dungeon.
             The game lasted 00:00:17 (2714 turns).

qw the Chopper (Tengu Warper)                       Turns: 2714, Time: 00:00:18

Health: -1/26      AC:  4    Str: 14    XL:     4   Next: 75%
Magic:  8/8        EV: 15    Int: 13    God:
Gold:   49         SH:  9    Dex: 13    Spells: 7/7 levels left

rFire   . . .      SeeInvis .   Y - +0 hand axe
rCold   . . .      Faith    .   m - +0 buckler
rNeg    + . .      Spirit   .   b - +0 leather armour
rPois   .          Reflect  +   (helmet restricted)
rElec   .          Harm     .   (no cloak)
rCorr   .          Rampage  .   (no gloves)
Will    .....                   (boots unavailable)
Stlth   +.........              g - amulet of reflection
HPRegen 0.08/turn               e - +4 ring of evasion
MPRegen 0.11/turn               h - ring of positive energy

@: no status effects
A: beak, talons 3, shaggy fur 1, wild magic 1, MP-powered wands
a: no special abilities


You were on level 3 of the Dungeon.
You visited 1 branch of the dungeon, and saw 3 of its levels.

You collected 94 gold pieces.
You spent 45 gold pieces at shops.


Innate Abilities, Weirdness & Mutations

You have a beak for a mouth.
You have claws for feet.
You are covered in fur. (AC +1)
Your spells are a little harder to cast, but a little more powerful.
You expend magic power (3 MP) to strengthen your wands.


   Skills:
 - Level 2.0 Fighting
 + Level 5.1 Axes
 - Level 1.0 Throwing
 - Level 1.1 Armour
 - Level 2.1 Dodging
 - Level 1.0 Shields
 - Level 2.0 Spellcasting
 - Level 2.4 Translocations


You had 7 spell levels left.
You didn't know any spells.
Your spell library contained the following spells:

 Spells                   Type           Power      Damage    Failure   Level
 Blink                    Tloc           18%        N/A       32%         2
 Gell's Gravitas          Tloc           9%         N/A       52%         3
 Lesser Beckoning         Tloc           9%         N/A       52%         3
 Teleport Other           Tloc           9%         N/A       52%         3
 Manifold Assault         Tloc           9%         N/A       99%         5

Inventory:

Hand Weapons
 l - a +0 mace of protection
 Y - a +0 hand axe (weapon)
Armour
 b - a +0 leather armour (worn)
 d - a +0 plate armour
 m - a +0 buckler (worn)
Jewellery
 e - a +4 ring of evasion (left hand)
 g - an amulet of reflection (around neck)
 h - a ring of positive energy (right hand)
Scrolls
 a - a scroll of teleportation {unknown}
Potions
 c - a potion of brilliance {unknown}
 f - 2 potions of mutation
 i - a potion of curing {unknown}
 j - a potion of lignification {unknown}
 k - a potion of ambrosia {unknown}
 o - a potion of invisibility {unknown}
 p - 2 potions of degeneration {unknown}

Dungeon Overview and Level Annotations

Branches:
Dungeon (3/15)

Altars:

Shops:
D:1 *   D:2 [   D:3 [


Message History

You hit the orc priest but do no damage.
The orc priest is heavily wounded.
The orc priest hits you but does no damage.
You hit the orc priest but do no damage.
You peck the orc priest.
The orc priest is severely wounded.
The orc priest barely misses you.
You barely miss the orc priest.
You claw the orc priest, but do no damage.
The orc priest is severely wounded.
The orc priest mumbles some strange prayers to Beogh against you.
Beogh smites you!
You barely miss the orc priest.
The orc priest is severely wounded.
You block the orc priest's attack.
You hit the orc priest but do no damage.
You claw the orc priest, but do no damage.
The orc priest is severely wounded.
The orc priest closely misses you.
You hit the orc priest but do no damage.
The orc priest is severely wounded.
The orc priest closely misses you. x2
You hit the orc priest but do no damage.
You claw the orc priest, but do no damage.
Your peck misses the orc priest.
The orc priest is severely wounded.
You block the orc priest's attack.
You barely miss the orc priest.
The orc priest is severely wounded.
The orc priest closely misses you.
You hit the orc priest but do no damage.
You claw the orc priest, but do no damage.
You peck the orc priest, but do no damage.
The orc priest is severely wounded.
The orc priest barely misses you.
You hit the orc priest but do no damage.
Your kick misses the orc priest.
The orc priest is severely wounded.
The orc priest hits you with a +0 flail!
You die...

.##..##
##.##
.#..##
_#..##
....#
.##..#
...##
(##.#
..########
..#.#
.........#
#.#.##
.>......##
#.#..#
......:##
#)##.#
.#.....#
#.o@.#
##.....#
#.####
########
#. # #. o.
.# .# _


You could see an orc priest.

Vanquished Creatures
  3 adders
  2 worms (D:2)
  A dart slug (D:1)
  4 orcs (D:3)
  3 endoplasms
  A giant cockroach (D:3)
  4 hobgoblins
  9 jackals
  3 quokkas
  3 ball pythons (D:1)
  3 bats (D:1)
  2 frilled lizards (D:1)
  9 goblins
  8 kobolds
  4 rats
59 creatures vanquished.

Vanquished Creatures (others)
  5 toadstools (D:1)
5 creatures vanquished.

Grand Total: 64 creatures vanquished

Notes
Turn   | Place    | Note
-------+----------+-------------------------------------------
     0 | D:1      | qw the Tengu Warper began the quest for the Orb.
     0 | D:1      | Reached XP level 1. HP: 12/12 MP: 4/4
     0 | D:1      | 0 ||| qw: Version: 0.1-a-89-g26bdef1
     0 | D:1      | 0 ||| qw: Game counter: 3183
     0 | D:1      | 0 ||| qw: Always use a shield: true
     0 | D:1      | 0 ||| qw: God list: Okawaru
     0 | D:1      | 0 ||| qw: Allow faded altars: false
     0 | D:1      | 0 ||| qw: Do Orc after D:15 true
     0 | D:1      | 0 ||| qw: Do second Lair branch before Depths: true
     0 | D:1      | 0 ||| qw: Lair rune preference: random
     0 | D:1      | 0 ||| qw: Plans: Normal
     0 | D:1      | 0 ||| PLANNING D:1-11
    84 | D:1      | Found a faded altar of an unknown god.
   122 | D:1      | Reached XP level 2. HP: 15/17 MP: 6/6
   124 | D:1      | Reached skill level 3 in Axes
   152 | D:1      | 152 ||| Stepping ~*~*~tactically~*~*~ (stealth).
   164 | D:1      | 164 ||| Stepping ~*~*~tactically~*~*~ (stealth).
   166 | D:1      | 166 ||| Stepping ~*~*~tactically~*~*~ (stealth).
   175 | D:1      | 175 ||| Stepping ~*~*~tactically~*~*~ (stealth).
   177 | D:1      | 177 ||| Stepping ~*~*~tactically~*~*~ (stealth).
   178 | D:1      | 178 ||| Stepping ~*~*~tactically~*~*~ (stealth).
   179 | D:1      | 179 ||| Stepping ~*~*~tactically~*~*~ (stealth).
   180 | D:1      | 180 ||| Stepping ~*~*~tactically~*~*~ (stealth).
   185 | D:1      | 185 ||| Stepping ~*~*~tactically~*~*~ (stealth).
   186 | D:1      | 186 ||| Stepping ~*~*~tactically~*~*~ (stealth).
   187 | D:1      | 187 ||| Stepping ~*~*~tactically~*~*~ (stealth).
   188 | D:1      | 188 ||| Stepping ~*~*~tactically~*~*~ (stealth).
   192 | D:1      | 192 ||| Stepping ~*~*~tactically~*~*~ (stealth).
   193 | D:1      | 193 ||| Stepping ~*~*~tactically~*~*~ (stealth).
   202 | D:1      | 202 ||| Stepping ~*~*~tactically~*~*~ (stealth).
   203 | D:1      | 203 ||| Stepping ~*~*~tactically~*~*~ (stealth).
   204 | D:1      | 204 ||| Stepping ~*~*~tactically~*~*~ (stealth).
   206 | D:1      | 206 ||| Stepping ~*~*~tactically~*~*~ (stealth).
   207 | D:1      | 207 ||| Stepping ~*~*~tactically~*~*~ (stealth).
   231 | D:1      | 231 ||| Stepping ~*~*~tactically~*~*~ (stealth).
   232 | D:1      | 232 ||| Stepping ~*~*~tactically~*~*~ (stealth).
   233 | D:1      | 233 ||| Stepping ~*~*~tactically~*~*~ (stealth).
   235 | D:1      | 235 ||| Stepping ~*~*~tactically~*~*~ (stealth).
   456 | D:1      | 456 ||| Stepping ~*~*~tactically~*~*~ (stealth).
   457 | D:1      | 457 ||| Stepping ~*~*~tactically~*~*~ (stealth).
   463 | D:1      | Found Nacluw's Assorted Antiques.
   466 | D:1      | 466 ||| Stepping ~*~*~tactically~*~*~ (stealth).
   552 | D:1      | 552 ||| SHOPLISTING fizzy green potion (22 gold, have 11).
   552 | D:1      | 552 ||| SHOPLISTING ring mail (100 gold, have 11).
   552 | D:1      | 552 ||| SHOPLISTING scroll labelled KYEQIC NAOKH (25 gold,
                  | have 11).
   552 | D:1      | 552 ||| SHOPLISTING scroll labelled PACHEANWINK (25 gold,
                  | have 11).
   644 | D:1      | 644 ||| DROPPING +0 club.
   803 | D:1      | Reached XP level 3. HP: 16/21 MP: 7/7
  1043 | D:1      | 1043 ||| UPGRADING to +4 ring of evasion.
  1044 | D:1      | 1044 ||| UPGRADING to ring of positive energy.
  1045 | D:1      | 1045 ||| READING scroll labelled JUEPSO ZIYP.
  1159 | D:1      | 1159 ||| READING scroll labelled KYEQIC NAOKH.
  1160 | D:1      | 1160 ||| READING scroll labelled AJEEPLULARGH.
  1161 | D:1      | 1161 ||| DROPPING scroll of blinking.
  1314 | D:2      | Reached skill level 4 in Axes
  1540 | D:2      | 1540 ||| Stepping ~*~*~tactically~*~*~ (stealth).
  1550 | D:2      | 1550 ||| Stepping ~*~*~tactically~*~*~ (stealth).
  1554 | D:2      | 1554 ||| Stepping ~*~*~tactically~*~*~ (stealth).
  1575 | D:2      | 1575 ||| Stepping ~*~*~tactically~*~*~ (stealth).
  1576 | D:2      | 1576 ||| Stepping ~*~*~tactically~*~*~ (stealth).
  1619 | D:2      | 1619 ||| Stepping ~*~*~tactically~*~*~ (stealth).
  1621 | D:2      | 1621 ||| Stepping ~*~*~tactically~*~*~ (stealth).
  1781 | D:2      | Found Qemacewn's Armour Boutique.
  1785 | D:2      | Reached XP level 4. HP: 26/26 MP: 8/8
  1793 | D:2      | 1793 ||| BUYING +0 buckler (45 gold).
  1793 | D:2      | Bought a +0 buckler for 45 gold pieces
  1793 | D:2      | 1793 ||| SHOPLISTING +0 chain mail (45 gold, have 9).
  1793 | D:2      | 1793 ||| SHOPLISTING +0 plate armour (230 gold, have 9).
  1793 | D:2      | 1793 ||| SHOPLISTING +0 ring mail (40 gold, have 9).
  1793 | D:2      | 1793 ||| SHOPLISTING +1 pair of gloves of hurling (165
                  | gold, have 9).
  2310 | D:2      | 2310 ||| UPGRADING to +0 buckler.
  2315 | D:2      | 2315 ||| UPGRADING to amulet of reflection.
  2320 | D:2      | 2320 ||| DROPPING ring of magical power.
  2321 | D:2      | 2321 ||| READING scroll labelled JEWNIRA LIYGH.
  2322 | D:2      | 2322 ||| READING scroll labelled OTONOW SAAN.
  2323 | D:2      | 2323 ||| READING scroll labelled YKEORO EFURR.
  2324 | D:2      | 2324 ||| DRINKING 3 pink potions.
  2324 | D:2      | Gained mutation: You are covered in fur. (AC +1) [potion of
                  | mutation]
  2324 | D:2      | Gained mutation: Your spells are a little harder to cast,
                  | but a little more powerful. [potion of mutation]
  2324 | D:2      | Gained mutation: You expend magic power (3 MP) to
                  | strengthen your wands. [potion of mutation]
  2362 | D:3      | 2362 ||| Stepping ~*~*~tactically~*~*~ (stealth).
  2364 | D:3      | 2364 ||| Stepping ~*~*~tactically~*~*~ (stealth).
  2365 | D:3      | 2365 ||| Stepping ~*~*~tactically~*~*~ (stealth).
  2374 | D:3      | 2374 ||| FLEEEEING.
  2375 | D:3      | 2375 ||| FLEEEEING.
  2376 | D:3      | 2376 ||| FLEEEEING.
  2377 | D:3      | 2377 ||| FLEEEEING.
  2378 | D:3      | 2378 ||| FLEEEEING.
  2381 | D:3      | 2381 ||| FLEEEEING.
  2432 | D:3      | Reached skill level 1 in Shields
  2515 | D:3      | Found Qunonuff's Antique Armour Boutique.
  2519 | D:3      | 2519 ||| SHOPLISTING cloak (112 gold, have 49).
  2519 | D:3      | 2519 ||| SHOPLISTING shadow dragon scales (2000 gold, have
                  | 49).
  2686 | D:3      | Found a faded altar of an unknown god.
  2686 | D:3      | Found a faded altar of an unknown god.
  2687 | D:3      | 2687 ||| Stepping ~*~*~tactically~*~*~ (stealth).
  2693 | D:3      | Reached skill level 5 in Axes
  2699 | D:3      | 2699 ||| Stepping ~*~*~tactically~*~*~ (hiding).
  2707 | D:3      | HP: 5/26 [orc priest/divine providence (10)]
  2714 | D:3      | Slain by an orc priest

Levels and vault maps discovered:
D:1:      ldierk_walled_garden, layout_loops_ring, serial_shops,
          nicolae_shop_waterfront, ebering_ecumenical_altar_sacrificial,
          chequers_serial_rivers_room_a, corexii_hall_statues_i, st_stairs_11
D:2:      layout_loops_corners, serial_shops, shop
D:3:      layout_rooms, mainiacjoe_overflow_catwalk,
          chequers_temple_overflow_minitemple, serial_shops,
          nicolae_shop_behind_doors

Skill      XL: |  1  2  3  4 |
---------------+-------------+-----
Axes           | 3 4 5 |  5.1
Shields        | 1 |  1.0
Fighting       | |  2.0
Throwing       | |  1.0
Armour         | |  1.1
Dodging        | |  2.1
Spellcasting   | |  2.0
Translocations | |  2.4

Action                   |  1- 3 |  4- 6 || total
-------------------------+-------+-------++-------
Melee: Hand axe          |   106 |    46 ||   152
       Kick              |    18 |    10 ||    28
       Peck              |    12 |    11 ||    23
       Punch             |     3 |       ||     3
Throw: Boomerang         |     7 |       ||     7
       Javelin           |       |     6 ||     6
  Use: Scroll            |     3 |     3 ||     6
       Potion            |       |     1 ||     1
Armor: Leather armour    |    25 |     6 ||    31
Dodge: Dodged            |    66 |    19 ||    85
Block: Buckler           |       |    11 ||    11
       Reflection        |       |     3 ||     3

Table legend:
 A = Non-vault XP
 B = Vault XP
 C = Vault XP percentage of total XP
 D = Non-vault monster count
 E = Vault monster count
 F = Vault count percentage of total count
                 A         B        C        D         E       F
            +---------+---------+-------+---------+---------+-------
      Total |     142 |       3 |   2.1 |      56 |       3 |   5.1
            +---------+---------+-------+---------+---------+-------
        D:1 |      34 |       3 |   8.1 |      21 |       3 |  12.5
        D:2 |      71 |       0 |   0.0 |      23 |       0 |   0.0
        D:3 |      37 |       0 |   0.0 |      12 |       0 |   0.0
            +---------+---------+-------+---------+---------+-------
